Map: Lost and Found LE

Players

Nickatak - Winner!

  • Race: Protoss Protoss
  • League: Gold
  • Spawn Location: 1:00

Odin

  • Race: Protoss Protoss
  • League: Gold
  • Spawn Location: 7:00

VOD

Have the link to the VOD?

Description

Time

  • Played on: Aug. 19, 2018, 9:15 p.m.
  • Length: 11:42
Show
View Real Time Build Order
Export as new Build Order

Nickatak Protoss - Winner!

Build Orders:  

Get SALT Encoding   

  12  0:00  Probe  
  13  0:13  Probe  
  14  0:18  Pylon  
  14  0:25  Probe  
  15  0:36  Gateway  
  15  0:37  Probe  
  16  0:45  Probe  
  17  0:52  Assimilator  
  17  0:55  Probe  
  18  1:07  Gateway  
  18  1:10  Probe  
  19  1:21  Zealot  
  16  2:10  Zealot  
  18  2:18  Cybernetics Core  
  18  2:21  Pylon  
  18  2:37  Probe  
  19  2:49  Probe  
  20  3:01  Probe  
  20  3:02  Nexus  
  20  3:05  Assimilator  
  21  3:09  Warp Gate  
  21  3:18  Probe, Stalker  
  23  3:26  Probe  
  25  3:36  Probe  
  26  3:43  Stalker  
  28  3:54  Probe  
  29  4:10  Robotics Facility  
  29  4:12  Twilight Council  
  29  4:16  Probe x2  
  31  4:23  Sentry  
  33  4:27  Stalker  
  35  4:32  Probe  
  35  4:33  Probe  
  37  4:44  Probe  
  38  4:49  Stalker  
  40  4:56  Charge  
  40  4:59  Probe x2  
  42  5:13  Probe  
  44  5:21  Probe  
  44  5:25  Probe, Pylon  
  44  5:28  Pylon  
  45  5:43  Pylon, Immortal  
  45  5:44  Probe x2  
  49  5:56  Probe x2  
  42  6:10  Stalker x2  
  46  6:11  Probe x2  
  48  6:23  Probe  
  48  6:24  Probe  
  50  6:32  Immortal  
  54  6:35  Zealot  
  54  6:36  Zealot  
  58  6:50  Probe x2  
  60  6:56  Stalker x2  
  60  7:02  Blink, Probe x2  
  42  7:28  Stalker x2  
  46  7:39  Probe x2, Gateway  
  46  7:40  Gateway  
  46  7:44  Pylon  
  48  7:48  Pylon  
  48  7:51  Probe  
  49  7:59  Stalker  
  49  8:00  Stalker  
  53  8:07  Probe x2  
  53  8:12  Immortal  
  59  8:19  Probe x2  
  61  8:23  Stalker x2  
  65  8:30  Forge  
  65  8:32  Forge  
  65  8:41  Stalker x2  
  69  8:50  Zealot x2  
  69  8:54  Immortal  
  77  9:03  Probe x2  
  77  9:05  Assimilator  
  77  9:07  Assimilator  
  76  9:17  Stalker x2  
  76  9:18  Stalker x2  
  84  9:24  Probe x2  
  86  9:31  Protoss Ground Armor Level 1  
  86  9:40  Protoss Ground Weapons Level 1  
  86  9:49  Pylon  
  86  9:52  Pylon  
  86  9:54  Pylon  
  86  10:07  Probe x2  
  86  10:08  Zealot x3  
  86  10:10  Zealot  
  96  10:19  Probe x2  
  98  10:32  Nexus  
  98  10:34  Pylon  
  98  10:37  Pylon  
  98  10:43  Pylon  
  80  11:07  Stalker x2  
  80  11:08  Stalker x2  
  82  11:40  Stalker x3  
  82  11:41  Stalker  
Show
View Real Time Build Order
Export as new Build Order

Odin Protoss 

Build Orders:  

Get SALT Encoding   

  12  0:02  Probe  
  13  0:15  Pylon  
  13  0:19  Probe  
  14  0:35  Forge  
  14  0:42  Probe  
  15  0:55  Pylon  
  15  1:15  Photon Cannon  
  15  1:16  Probe  
  15  1:17  Photon Cannon  
  16  1:32  Gateway  
  16  2:06  Photon Cannon  
  16  2:08  Pylon  
  16  2:23  Assimilator  
  16  2:29  Cybernetics Core  
  16  2:51  Pylon  
  16  2:53  Probe  
  17  3:09  Assimilator  
  17  3:20  Photon Cannon  
  17  3:22  Photon Cannon  
  17  3:29  Shield Battery  
  17  3:31  Gateway  
  17  3:35  Gateway  
  17  3:46  Probe  
  17  3:54  Probe, Adept  
  18  3:56  Stargate  
  21  4:20  Pylon  
  21  4:32  Probe  
  22  4:40  Oracle  
  22  4:44  Probe  
  26  4:50  Warp Gate  
  26  4:59  Adept  
  28  5:01  Adept x2  
  32  5:33  Nexus  
  32  5:36  Oracle  
  32  5:37  Assimilator  
  35  6:21  Shield Battery  
  35  6:23  Shield Battery  
  35  6:26  Probe  
  36  6:38  Probe  
  37  6:50  Probe  
  37  6:53  Shield Battery  
  38  7:03  Probe  
  37  7:10  Stalker x3  
  37  7:15  Probe  
  39  7:34  Probe x2  
  41  7:37  Oracle  
  44  7:46  Probe x2  
  44  7:50  Gateway  
  46  7:53  Gateway  
  46  7:58  Probe x2, Gateway  
  46  7:59  Gateway  
  46  8:05  Robotics Facility  
  48  8:10  Probe x2  
  50  8:22  Probe  
  50  8:23  Probe  
  52  8:32  Pylon  
  52  8:33  Gateway  
  52  8:35  Probe x2  
  52  8:40  Pylon  
  54  8:45  Twilight Council  
  54  8:47  Probe x2  
  56  8:59  Probe, Assimilator  
  56  9:00  Stalker x4  
  56  9:01  Stalker x2  
  63  9:17  Oracle  
  63  9:20  Observer  
  63  9:23  Charge  
  67  9:25  Zealot x4  
  75  9:45  Protoss Ground Weapons Level 1  
  75  9:51  Pylon  
  75  10:00  Probe  
  76  10:08  Probe  
  77  10:22  Robotics Facility  
  77  10:23  Pylon  
  77  10:26  Pylon  
  77  10:38  Photon Cannon  
  77  10:39  Photon Cannon  
  77  10:41  Photon Cannon, Shield Battery  
  77  10:44  Shield Battery x2  
  77  10:45  Pylon  
  77  10:51  Nexus  
  65  10:58  Stalker x4  
  65  11:00  Stalker  
  52  11:19  Stalker x2  
  52  11:20  Stalker  
Tags
 
League
GoldGold
Matchup
PvP
Spawn Locations
Cross Positions
Add a new tag
Caveats
  • Supply blocks, unpowered buildings, or Contaminate may cause inaccurate times.
  • Supply counts are checked every 10 seconds.